 Dungeon Crawl Stone Soup version 0.26-a0-812-g31a745ddcd (webtiles) character file.

Game seed: 9704574974587278970

329 EnegeticOcto the Sneak (level 6, -4/38 HPs)
             Began as a Kobold Brigand on Nov 14, 2020.
             Was an Initiate of Dithmenos.
             Slain by a wight
             ... wielding a +1 mace of venom
              (5 damage)
             ... on level 4 of the Dungeon.
             The game lasted 00:04:57 (2977 turns).

EnegeticOcto the Sneak (Kobold Brigand)             Turns: 2977, Time: 00:04:57

Health: -4/38      AC:  3    Str: 10    XL:     6   Next: 80%
Magic:  6/6        EV: 13    Int: 13    God:    Dithmenos [......]
Gold:   192        SH:  0    Dex: 16    Spells: 5/5 levels left

rFire    . . .     SeeInvis .   a - +2 dagger
rCold    . . .     Faith    .   (shield restricted)
rNeg     . . .     Spirit   .   b - +0 robe
rPois    .         Reflect  .   (no helmet)
rElec    .         Harm     .   c - +0 cloak
rCorr    .         Rampage  .   (no gloves)
MR       +....                  (no boots)
Stlth    ++++......             g - amulet of regeneration
HPRegen  0.52/turn              n - ring of protection from magic
MPRegen  0.10/turn              (no ring)

@: lethally poisoned (-4 -> -19), drained
A: small, nightstalker 3
a: Renounce Religion


You were on level 4 of the Dungeon.
You worshipped Dithmenos.
Dithmenos was noncommittal.
You visited 2 branches of the dungeon, and saw 7 of its levels.

You collected 192 gold pieces.

Inventory:

Hand Weapons
 a - a +2 dagger (weapon)
 o - a +0 dagger of speed
   (You found it on level 2 of the Dungeon)
Missiles
 d - 10 poisoned darts (quivered)
 e - 2 curare-tipped darts
Armour
 b - a +0 robe (worn)
 c - a +0 cloak (worn)
Jewellery
 g - an amulet of regeneration (around neck)
   (You found it on level 1 of the Dungeon)
 n - a ring of protection from magic (left hand)
   (You took it off a goblin on level 2 of the Dungeon)
Scrolls
 i - a scroll of teleportation {@r3 !r}
 j - a scroll of magic mapping {@r5 !r}
 k - a scroll of immolation
 m - a scroll of identify {@r1}
Potions
 f - a potion of invisibility
 h - 3 potions of curing {@q1 !q}
 l - a potion of lignification {@q6}
 p - 2 potions of degeneration
 r - a potion of magic


   Skills:
 + Level 4.0(3.2) Fighting
 * Level 6.5(5.7) Short Blades
 - Level 2.1(1.4) Throwing
 - Level 1.2(0.5) Dodging
 + Level 7.0(6.1) Stealth


You had 5 spell levels left.
You didn't know any spells.
Your spell library contained the following spells:

 Spells                   Type           Power        Failure   Level
 Corona                   Hex            #......      30%         1
 Ensorcelled Hibernation  Hex/Ice        #.....       43%         2
 Confusing Touch          Hex            #.......     67%         3
 Dazzling Flash           Conj/Hex       #.....       67%         3
 Gell's Gravitas          Tloc           #.........   67%         3
 Tukima's Dance           Hex            #.......     67%         3
 Petrify                  Tmut/Erth      #.......     97%         4
 Metabolic Englaciation   Hex/Ice        #.........   100%        5
 Yara's Violent Unravell  Hex/Tmut       #.........   100%        5


Dungeon Overview and Level Annotations

Branches:
Dungeon (6/15)             Temple (1/1) D:4

Altars:
Ashenzari
Cheibriados
Dithmenos
Elyvilon
Fedhas
Gozag
Hepliaklqana
Kikubaaqudgha
Makhleb
Nemelex Xobeh
Qazlal
Ru
Sif Muna
Trog
Xom
Zin
The Shining One

Shops:
D:5 }


Innate Abilities, Weirdness & Mutations

You are small and have problems with some larger weapons.
You are completely attuned to the shadows.


Message History

There is a staircase to the Ecumenical Temple here.
Search for what [Enter for "."]? dith You climb downwards.
Welcome back to the Ecumenical Temple!
There is a staircase back to the Dungeon here.
There is a shadowy altar of Dithmenos here.
You kneel at the altar of Dithmenos.
Dithmenos welcomes you!
There is a glowing silver altar of Zin here.
There is a staircase back to the Dungeon here.
You climb upwards.
Welcome back to the Dungeon!
There is a staircase to the Ecumenical Temple here.
You see here a ring mail.
There is an escape hatch in the floor here.
Found a stone staircase leading up.
A wight comes into view.
It is wielding a +0 great sword of draining.
A wight is nearby!
A wight comes into view. It is wielding a +0 battleaxe.
A wight comes into view. It is wielding a +1 mace of venom.
The helpless wight fails to defend itself.
You perforate the wight like a sieve!!!
You destroy the wight!
Dithmenos accepts your kill.
Your Fighting skill increases to level 4!
Your Stealth skill increases to level 7!
A wight comes into view. It is wielding a +3 war axe.
The wight hits you with a +1 mace of venom.
You feel drained.
You are poisoned.
Things that are here:
a +0 great sword of draining; a +0 robe You barely miss the wight.
You feel sick.
You feel sick.
You feel sick.
You barely miss the wight. The wight hits you with a +0 battleaxe.
You closely miss the wight. You hit the wight but do no damage.
You hit the wight but do no damage.
You feel sick.
You barely miss the wight. The wight misses you.
You hit the wight but do no damage. You closely miss the wight.
The wight hits you with a +1 mace of venom.
You feel drained.
You are more poisoned.
You hit the wight.
The wight is lightly damaged.
You feel sick.
You hit the wight but do no damage.
The wight is lightly damaged.
You feel sick. The wight barely misses you.
You completely miss the wight.
The wight is lightly damaged.
You feel sick. The wight barely misses you.
You barely miss the wight.
The wight is lightly damaged.
You feel sick.
You closely miss the wight.
The wight is lightly damaged.
You feel sick.
The wight hits you with a +1 mace of venom.
You feel sick.
You feel sick.
You feel sick.
You hit the wight but do no damage.
The wight is lightly damaged.
You hit the wight but do no damage.
The wight is lightly damaged.
You feel sick.
The wight hits you with a +1 mace of venom.
You barely miss the wight.
The wight is lightly damaged.
The wight barely misses you.
You hit the wight but do no damage.
You feel sick.
You barely miss the wight. The wight closely misses you.
You barely miss the wight.
You feel sick.
You hit the wight.
The wight is lightly damaged.
The wight hits you with a +1 mace of venom.
You feel drained.
You are more poisoned.
You barely miss the wight.
The wight is lightly damaged.
You feel sick.
You hit the wight but do no damage.
The wight is lightly damaged.
You feel sick.
The wight hits you with a +1 mace of venom!
* * * LOW HITPOINT WARNING * * *
You are lethally poisoned!
You closely miss the wight.
The wight is lightly damaged.
* * * LOW HITPOINT WARNING * * *
You feel sick.
The wight hits you with a +1 mace of venom.
* * * LOW HITPOINT WARNING * * *
You are more poisoned.
Unknown command.
* * * LOW HITPOINT WARNING * * *
You feel sick.
The wight hits you with a +1 mace of venom.
You die...

####### .......#
........#
........#
......).##
#.#.......z...
#.# ###.##....
#.#####.#####.
#.#.@zzz....
###.#.###.####
#.<....#..# #.
#......#.## #.#
#........
###.#####......#.
................
##...###.......
#.#..##......


You could see 3 wights.

Vanquished Creatures
  A scorpion (D:5)
  A wight (D:4)
  A hound (D:5)
  A bullfrog skeleton (D:4)
  Jessica (D:2)
  A worker ant (D:5)
  A worker ant zombie (D:6)
  3 adders
  2 ufetubi (D:5)
  A worm (D:2)
  A dart slug (D:3)
  4 leopard geckos
  5 orcs
  7 bats
  3 giant cockroaches
  12 goblins
  3 hobgoblins
  4 jackals (D:1)
  A quokka (D:3)
  3 ball pythons
  A ball python skeleton (D:4)
  A frilled lizard (D:1)
  8 kobolds
  A leopard gecko zombie (D:5)
  5 rats
72 creatures vanquished.

Vanquished Creatures (others)
  A withered plant (D:5)
1 creature vanquished.

Grand Total: 73 creatures vanquished

Notes
Turn   | Place    | Note
-------+----------+-------------------------------------------
     0 | D:1      | EnegeticOcto the Kobold Brigand began the quest for the
                  | Orb.
     0 | D:1      | Reached XP level 1. HP: 12/12 MP: 1/1
   176 | D:1      | Reached skill level 3 in Short Blades
   200 | D:1      | Reached XP level 2. HP: 17/18 MP: 2/2
   306 | D:1      | Reached XP level 3. HP: 22/22 MP: 3/3
   837 | D:2      | Reached skill level 4 in Short Blades
   974 | D:2      | Reached XP level 4. HP: 27/27 MP: 4/4
  1055 | D:2      | You fall into a shaft and drop 2 floors!
  1214 | D:3      | You fall into a shaft and drop 3 floors!
  1261 | D:6      | Reached skill level 3 in Fighting
  1261 | D:6      | Reached skill level 6 in Stealth
  1293 | D:6      | Noticed a gnoll sergeant
  1312 | D:6      | HP: 1/28 [gnoll sergeant/+0 trident (3)]
  1320 | D:6      | HP: 1/28 [ufetubus (4)]
  1324 | D:5      | Entered Level 5 of the Dungeon
  1365 | D:5      | Reached skill level 5 in Short Blades
  1365 | D:5      | Reached XP level 5. HP: 32/32 MP: 5/5
  1391 | D:5      | Noticed an ice beast
  1524 | D:5      | Found Anurufio's Gadget Boutique.
  1549 | D:5      | Reached XP level 6. HP: 37/37 MP: 6/6
  2112 | D:2      | Noticed Jessica
  2177 | D:2      | Killed Jessica
  2177 | D:2      | Reached skill level 6 in Short Blades
  2314 | D:2      | Found a shimmering altar of Xom.
  2700 | D:4      | Found a staircase to the Ecumenical Temple.
  2706 | Temple   | Entered the Ecumenical Temple
  2890 | Temple   | Became a worshipper of Dithmenos the Shadowed
  2946 | D:4      | Reached skill level 4 in Fighting
  2946 | D:4      | Reached skill level 7 in Stealth
  2977 | D:4      | HP: 1/38 [poisoned by a wight]
  2977 | D:4      | Slain by a wight

Illustrated notes

Levels and vault maps discovered:
D:1:      onia_arrival_mini_spirals, layout_loops_ring
D:2:      layout_rooms, xom_teletrap_fun, uniq_jessica
D:3:      layout_loops_ring, moated_statue
D:4:      layout_rooms, minmay_temple_entry_statues_pillars,
          nemelex_lonely_heart_becter
D:5:      layout_basic, serial_shops, shop, serial_undead, serial_undead_d,
          serial_undead_b, serial_undead_b, serial_undead_a
D:6:      layout_basic, serial_shops, shop, shop, kennysheep_mini,
          small_statue_intersection
Temple:   eino_temple_rhombus

Skill      XL: |  1  2  3  4  5  6 |
---------------+-------------------+-----
Short Blades   | 3 4 5 6 |  6.5
Fighting       | 3 4 |  4.0
Stealth        | 6 7 |  7.0
Throwing       | |  2.1
Dodging        | |  1.2

Action                   |  1- 3 |  4- 6 || total
-------------------------+-------+-------++-------
Melee: Dagger            |    97 |   210 ||   307
Throw: Dart              |       |     3 ||     3
  Use: Scroll            |       |    12 ||    12
       Potion            |       |     1 ||     1
 Stab: Sleeping          |    19 |    15 ||    34
       Distracted        |     1 |       ||     1
Armor: Robe              |    17 |    33 ||    50
Dodge: Dodged            |    50 |   177 ||   227

Table legend: (Time is in decaauts)
 A = Elapsed time spent in this place.
 B = Non-inter-level travel time spent in this place.
 C = Inter-level travel time spent in this place.
 D = Time resting spent in this place.
 E = Time spent auto-exploring this place.
 F = Levels seen in this place.
 G = Mean time per level.
                   A        B        C        D        E       F      G
               +--------+--------+--------+--------+--------+-----+--------+
         Total |   2910 |   2787 |    123 |     51 |   1925 |   7 |  415.7 |
       Dungeon |   2710 |   2628 |     82 |     51 |   1771 |   6 |  451.7 |
        Temple |    199 |    158 |     41 |      0 |    154 |   1 |  199.0 |
               +--------+--------+--------+--------+--------+-----+--------+

Top non-repeatable levels by time:
     D:1: 807 daAuts
     D:3: 738 daAuts
     D:2: 624 daAuts
     D:5: 252 daAuts
  Temple: 199 daAuts
     D:4: 185 daAuts
     D:6: 102 daAuts
